 Dungeon Crawl Stone Soup version 0.23-a0-470-g6f7cfd9 (webtiles) character file.

626 Lavandula the Zephyrmancer (level 7, -1/63 HPs)
             Began as a Naga Air Elementalist on Nov 26, 2018.
             Was a Believer of Ru.
             Slain by a hornet (7 damage)
             ... on level 8 of the Dungeon.
             The game lasted 00:18:00 (3063 turns).

Lavandula the Zephyrmancer (Naga Air Elementalist)  Turns: 3063, Time: 00:18:01

Health: -1/63      AC:  5    Str: 10 (12) XL:     7   Next: 47%
Magic:  1/14       EV:  9    Int: 14 (17) God:    Ru [**....]
Gold:   148        SH:  3    Dex:  8 (11) Spells: 6/16 levels left

rFire    . . .     SeeInvis +   g - +0 dagger
rCold    . . .     Gourm    +   q - +0 buckler
rNeg     . . .     Faith    .   v - +1 leather armour {MR+}
rPois    +         Spirit   .   (no helmet)
rElec    .         Reflect  .   (no cloak)
rCorr    .         Harm     .   n - +2 pair of gloves
MR       +....                  (no barding)
Stlth    ++........             o - amulet of the gourmand
HPRegen  0.20/turn              d - -2 ring of protection (curse)
MPRegen  0.14/turn              i - -2 ring of slaying (curse)

@: very slightly contaminated, very slow
A: large, see invisible, deformed body, poison resistance, slowness 2, slow
metabolism 1, spit poison 1, inexperienced 1, AC +2
a: Spit Poison, Renounce Religion


You were on level 8 of the Dungeon.
You worshipped Ru.
Ru was pleased with you.
You were very full.

You visited 2 branches of the dungeon, and saw 9 of its levels.
You also visited: Sewer.

You collected 148 gold pieces.

Inventory:

Hand Weapons
 g - a +0 dagger (weapon)
Armour
 a - a +0 robe
 n - a +2 pair of gloves (worn)
 q - a +0 buckler (worn)
 v - a +1 leather armour of magic resistance (worn)
 w - a +0 shield
Jewellery
 d - a cursed -2 ring of protection (left hand)
 f - an uncursed ring of protection from cold
 i - a cursed -2 ring of slaying (right hand)
 o - an amulet of the gourmand (around neck)
Wands
 e - a wand of random effects (18)
Scrolls
 b - 6 scrolls of teleportation
 h - a scroll of magic mapping
 j - a scroll of enchant weapon
Potions
 k - 5 potions of flight
 l - 2 potions of magic {unknown}
 m - 3 potions of lignification
 p - a potion of brilliance {unknown}
 s - a potion of might {unknown}
 t - a potion of resistance {unknown}
 u - a potion of degeneration
 x - a potion of heal wounds {unknown}
Comestibles
 c - 10 rations


   Skills:
 + Level 3.7 Fighting
 - Level 1.5 Dodging
 - Level 3.0 Stealth
 - Level 2.4 Shields
 - Level 5.0 Spellcasting
 - Level 1.0 Conjurations
 - Level 8.1 Air Magic


You had 6 spell levels left.
You knew the following spells:

 Your Spells              Type           Power        Failure   Level  Hunger
a - Shock                 Conj/Air       ###.         3%          1    None
b - Swiftness             Chrm/Air       ##......     7%          2    ##.....
c - Airstrike             Air            ####......   9%          4    ####...
d - Static Discharge      Conj/Air       ###.....     11%         3    ###....

Your spell library contained the following spells:

 Spells                   Type           Power        Failure   Level  Hunger
 Lightning Bolt           Conj/Air       ###.......   69%         5    ######.


Dungeon Overview and Level Annotations

Branches:
Dungeon (8/15)             Temple (1/1) D:6
   Lair: D:8-11

Altars:
Gozag
Ru

Annotations:
D:2 exclusions: adder and dart slug, Robin, Terence


Innate Abilities, Weirdness & Mutations

You cannot wear boots.
Your serpentine skin is tough. (AC +2)
You have supernaturally acute eyesight. (SInv)
Armour fits poorly on your strangely shaped body.
Your system is resistant to poisons. (rPois)
You cover ground very slowly.
You have a slow metabolism.
You can spit poison.
You are somewhat inexperienced. (-2 XL)


Message History

Press: ? - help, Shift-Dir - straight line, f/p - hornet
Aim: a hornet (severely wounded, softly glowing)
The zap hits the hornet.
The hornet is severely wounded.
The zap hits the hornet.
The hornet is almost dead.
The hornet stops glowing.
The hornet is stunned by your will and fails to attack.
The worker ant barely misses you.
Unknown command.
Casting: Shock (safe; 3% risk of failure)
Confirm with . or Enter, or press ? or * to list all spells.
Aiming: Shock (safe; 3% risk of failure)
Press: ? - help, Shift-Dir - straight line, f/p - hornet
Aim: a hornet (almost dead)
The zap hits the hornet.
The hornet appears unharmed.
The hornet is almost dead.
The zap misses the hornet.
The hornet closely misses you. The worker ant closely misses you.
The hornet stings you!
You die...

### #. ...#
....#.##...##
....#..#((..#
#..........#
##
.........#..#
...........
##........#
#..###.@<..##
#......ya...#
.#...##.#####
#.. #.#.# ##
#.#.# ##.#.#
#.# ## ##


You could see a hornet and a worker ant.

Vanquished Creatures
  Menkaure (D:6)
  A water moccasin (D:7)
  A soldier ant (D:8)
  2 orc warriors (D:6)
  A phantom (D:7)
  An ogre (D:6)
  Blork the orc (D:6)
  2 bullfrogs (D:6)
  A howler monkey (D:4)
  3 hounds (D:4)
  A jelly (D:6)
  2 orc priests
  A centaur skeleton (D:4)
  An orc wizard (D:6)
  2 iguanas
  2 worker ants
  A hound skeleton (D:6)
  4 adders
  5 oozes (Sewer)
  An adder zombie (D:7)
  6 worms
  2 dart slugs
  3 leopard geckos
  13 orcs
  2 ball pythons (Sewer)
  11 bats
  6 giant cockroaches
  9 goblins
  2 hobgoblins
  7 jackals
  2 quokkas (D:5)
  A ball python skeleton (D:4)
  3 frilled lizards
  4 kobolds
  A leopard gecko skeleton (D:4)
  3 rats
109 creatures vanquished.

Notes
Turn   | Place    | Note
-------+----------+-------------------------------------------
     0 | D:1      | Lavandula the Naga Air Elementalist began the quest for the
                  | Orb.
     0 | D:1      | Reached XP level 1. HP: 15/15 MP: 3/3
   111 | D:1      | Reached XP level 2. HP: 15/22 MP: 3/5
   210 | D:2      | Noticed Terence
   300 | D:2      | Noticed Robin
   302 | D:2      | Reached XP level 3. HP: 18/28 MP: 4/7
   906 | D:3      | Reached XP level 4. HP: 15/36 MP: 0/10
  1006 | D:4      | Reached XP level 5. HP: 14/42 MP: 7/12
  1052 | D:4      | Found a glowing drain.
  1053 | D:4      | Reached skill level 5 in Spellcasting
  1080 | Sewer    | Entered a sewer
  1125 | Sewer    | Learned a level 2 spell: Swiftness
  1130 | Sewer    | Learned a level 4 spell: Airstrike
  1134 | Sewer    | Learned a level 3 spell: Static Discharge
  1636 | D:4      | Reached skill level 4 in Air Magic
  1636 | D:4      | Reached XP level 6. HP: 33/49 MP: 6/13
  1718 | D:4      | Found a sacrificial altar of Ru.
  1727 | D:4      | Became a worshipper of Ru the Awakened
  1764 | D:5      | Entered Level 5 of the Dungeon
  1784 | D:5      | Reached skill level 5 in Air Magic
  2014 | D:5      | Found an opulent altar of Gozag.
  2023 | D:6      | Noticed Blork the orc
  2034 | D:6      | Killed Blork the orc
  2034 | D:6      | Reached XP level 7. HP: 47/55 MP: 9/14
  2074 | D:6      | Reached skill level 6 in Air Magic
  2183 | D:6      | Reached skill level 7 in Air Magic
  2328 | D:6      | Found a staircase to the Ecumenical Temple.
  2342 | Temple   | Entered the Ecumenical Temple
  2359 | D:6      | Reached XP level 8. HP: 50/62 MP: 9/15
  2381 | D:6      | Noticed Menkaure
  2397 | D:6      | Killed Menkaure
  2397 | D:6      | Reached skill level 8 in Air Magic
  2649 | D:6      | Gained mutation: You are somewhat inexperienced. (-2 XL)
                  | [Ru sacrifice]
  2649 | D:6      | Reached XP level 7. HP: 45/61 MP: 14/14
  2649 | D:6      | Reached XP level 6. HP: 45/55 MP: 13/13
  2649 | D:6      | Reached * piety under Ru
  2649 | D:6      | Reached ** piety under Ru
  2800 | D:7      | Noticed a water moccasin
  2807 | D:7      | Killed a water moccasin
  2821 | D:7      | Noticed a phantom
  2825 | D:7      | Killed a phantom
  2825 | D:7      | Reached skill level 1 in Shields
  2825 | D:7      | Reached XP level 7. HP: 29/63 MP: 1/14
  2998 | D:8      | Noticed a hornet
  3007 | D:8      | Noticed a soldier ant
  3014 | D:8      | Killed a soldier ant
  3063 | D:8      | Slain by a hornet

Vault maps used:
D:1:      lemuel_arrival_room, chequers_serial_rivers_large_a
D:2:      kennysheep_slug_shrine, uniq_jessica, uniq_terence, uniq_robin
D:4:      lemuel_coloured_pillars_altar, overflow_temple_1_default,
          nicolae_overflow_crystal_walls, first_ration, portal_sewer_entry_b
D:5:      lemuel_ice_spiral_2, nicolae_gozag_cash_rules_everything_around_me,
          ebering_ghost_disaster_area
D:6:      minmay_temple_entry_waves, uniq_blork_the_orc, uniq_menkaure,
          uniq_eustachio
D:7:      ebering_ghost_disaster_area, uniq_joseph
D:8:      marbit_many_paths, gammafunk_temple_overflow_pools,
          erik_lair_orcish_takeover, hangedman_pestilent_swarm
Temple:   nicolae_temple_god_jail
Sewer:    sewer_fruit_machine

Skill      XL: |  1  2  3  4  5  6  7  8 |
---------------+-------------------------+-----
Spellcasting   | 3 4 5 |  5.0
Air Magic      | 4 5 7 8 |  8.1
Fighting       | 3 2 |  3.7
Shields        | 1 2 |  2.4
Dodging        | |  1.5
Stealth        | |  3.0
Conjurations   | |  1.0

Action                   |  1- 3 |  4- 6 |  7- 9 || total
-------------------------+-------+-------+-------++-------
Melee: Dagger            |     8 |     1 |     4 ||    13
 Cast: Shock             |    40 |   124 |    63 ||   227
       Airstrike         |       |     2 |     3 ||     5
Invok: Sacrifice Experie |       |     1 |       ||     1
 Abil: Spit Poison       |    24 |    30 |    16 ||    70
  Use: Scroll            |     3 |     2 |     5 ||    10
       Potion            |       |     2 |     2 ||     4
  Eat: Chunk             |       |     8 |    10 ||    18
Armor: Robe              |       |    10 |       ||    10
       Leather armour    |       |     2 |     4 ||     6
       Skin              |       |       |     2 ||     2
Dodge: Dodged            |     9 |    47 |    14 ||    70
Block: Buckler           |       |       |     1 ||     1

Table legend:
 A = Non-vault XP
 B = Vault XP
 C = Vault XP percentage of total XP
 D = Non-vault monster count
 E = Vault monster count
 F = Vault count percentage of total count
                 A         B        C        D         E       F
            +---------+---------+-------+---------+---------+-------
      Total |    1554 |     504 |  24.5 |      72 |      37 |  33.9
            +---------+---------+-------+---------+---------+-------
        D:1 |      19 |       0 |   0.0 |       9 |       0 |   0.0
        D:2 |      29 |       9 |  23.7 |      11 |       5 |  31.2
        D:3 |      71 |       0 |   0.0 |       7 |       0 |   0.0
        D:4 |     267 |       4 |   1.5 |      10 |       3 |  23.1
        D:5 |     115 |       0 |   0.0 |      12 |       0 |   0.0
        D:6 |     765 |     254 |  24.9 |      20 |       2 |   9.1
        D:7 |     288 |       0 |   0.0 |       3 |       0 |   0.0
        D:8 |       0 |     151 | 100.0 |       0 |       1 | 100.0
      Sewer |       0 |      86 | 100.0 |       0 |      26 | 100.0
            +---------+---------+-------+---------+---------+-------
